 Dungeon Crawl Stone Soup version 0.23.2-40-g277498a001 (webtiles) character file.

Game seed: 14138414470454625485

37 Descartes the Insei (level 3, -3/17 HPs)
             Began as a Vine Stalker Transmuter on Oct 21, 2019.
             Killed from afar by a kobold (5 damage)
             ... with a wand of flame (14)
             ... on level 2 of the Dungeon.
             The game lasted 00:02:04 (1045 turns).

Descartes the Insei (Vine Stalker Transmuter)       Turns: 1045, Time: 00:02:05

Health: -3/17      AC:  3    Str: 12    XL:     3   Next: 39%
Magic:  0/7        EV: 11    Int: 14    God:
Gold:   118        SH:  0    Dex: 14    Spells: 5/6 levels left

rFire    . . .     SeeInvis .     - Unarmed
rCold    . . .     Gourm    .   (no shield)
rNeg     . . .     Faith    .   j - +0 leather armour
rPois    .         Spirit   +   (no helmet)
rElec    .         Reflect  .   (no cloak)
rCorr    .         Harm     .   (no gloves)
MR       .....                  (no boots)
Stlth    +.........             (no amulet)
HPRegen  0.05/turn              (no ring)
MPRegen  0.10/turn              (no ring)

@: no status effects
A: fangs 2, magic shield, antimagic bite, no potion heal 3, rot immunity
a: no special abilities


You were on level 2 of the Dungeon.
You were not hungry.

You visited 1 branch of the dungeon, and saw 2 of its levels.

You collected 118 gold pieces.

Inventory:

Hand Weapons
 a - a +0 hunting sling
 l - a +0 hand crossbow
Missiles
 c - 31 stones (quivered)
 h - a throwing net
 i - 33 arrows
 o - 18 sling bullets
Armour
 b - a +0 robe
 e - a +0 shield
 j - a +0 leather armour (worn)
Scrolls
 n - 2 scrolls of identify {unknown}
Potions
 f - a potion of degeneration {unknown}
 k - 2 potions of curing {unknown}
 m - a potion of lignification {unknown}
Comestibles
 d - 3 rations
 g - 5 chunks of flesh


   Skills:
 - Level 0.8 Fighting
 - Level 1.5 Dodging
 + Level 4.0 Unarmed Combat
 - Level 2.1 Spellcasting
 * Level 2.5 Transmutations


You had 5 spell levels left.
You knew the following spells:

 Your Spells              Type           Power        Failure   Level  Hunger
a - Beastly Appendage     Tmut           #.....       11%         1    #......

Your spell library contained the following spells:

 Spells                   Type           Power        Failure   Level  Hunger
 Sticks to Snakes         Tmut           #.......     16%         2    ###....
 Spider Form              Tmut/Pois      #.........   47%         3    ###....
 Ice Form                 Ice/Tmut       #.......     87%         4    #####..
 Blade Hands              Tmut           #.........   96%         5    ######.


Dungeon Overview and Level Annotations

Branches:
Dungeon (2/15)

Altars:
Qazlal


Innate Abilities, Weirdness & Mutations

You have extremely sharp teeth.
When hurt, damage is shared between your health and your magic reserves.
Your bite disrupts and absorbs the magic of your enemies.
Potions cannot restore your health.
You are immune to rotting.


Message History

The kobold throws a stone.
The stone misses you.
You see here 9 gold pieces.
A dart slug comes into view.
The jackal barks!
You hear a bark! x3
The jackal bites you but does no damage.
You hit the jackal. Your bite misses the jackal.
The jackal is almost dead.
The jackal bites you. The jackal misses you.
You hit the jackal but do no damage.
The jackal is almost dead.
The jackal closely misses you.
You hit the jackal.
You kill the jackal!
The kobold zaps a wand.
The puff of flame hits you!
* * * LOW HITPOINT WARNING * * *
2 jackals come into view.
The jackal barks! x2
A jackal comes into view.
The kobold zaps a wand.
The puff of flame hits you.
You die...

#.. ... #.# ... #.#
.. ##.# .h ... h#
#.# h####.#
#.########......#
###..(..$..@K#
#.....###.##......#
##.#.............#.#
##.......##.##.##.#
##.#.......... .# ..
### ##.##.........#
.. .# ### #..
##.###.#.......# ..
. #.# ##.
...........###.. ..
#.####. ##....##.###
#... #.##...


You could see 3 jackals and a kobold.

Vanquished Creatures
  4 dart slugs (D:1)
  2 ball pythons
  A giant cockroach (D:1)
  2 goblins (D:1)
  7 jackals
  4 bats (D:1)
  3 kobolds (D:1)
  4 rats
27 creatures vanquished.

Notes
Turn   | Place    | Note
-------+----------+-------------------------------------------
     0 | D:1      | Descartes the Vine Stalker Transmuter began the quest for
                  | the Orb.
     0 | D:1      | Reached XP level 1. HP: 9/9 MP: 4/4
   121 | D:1      | Reached XP level 2. HP: 10/14 MP: 4/6
   590 | D:1      | Reached XP level 3. HP: 16/17 MP: 4/7
   819 | D:2      | Reached skill level 4 in Unarmed Combat
   843 | D:2      | Found a stormy altar of Qazlal.
  1045 | D:2      | Killed from afar by a kobold

Skill      XL: |  1  2  3 |
---------------+----------+-----
Unarmed Combat | 4 |  4.0
Fighting       | |  0.8
Dodging        | |  1.5
Spellcasting   | |  2.1
Transmutations | |  2.5

Action                   || total
-------------------------++-------
Melee: Unarmed           ||    77
       Bite              ||    21
       Punch             ||     1
  Use: Potion            ||     2
Armor: Robe              ||    11
       Leather armour    ||     2
Dodge: Dodged            ||    51
